 Dungeon Crawl Stone Soup version 0.29.0-11-gd7f09526c8 (webtiles) character file.

Game seed: 10642416746824552897

108 rogsnak the Magician (level 4, -1/32 HPs)
             Began as a Gnoll Hedge Wizard on Sept 6, 2022.
             Succumbed to an adder's poison
             ... on level 3 of the Dungeon.
             The game lasted 00:05:01 (2426 turns).

rogsnak the Magician (Gnoll Hedge Wizard)           Turns: 2426, Time: 00:05:02

Health: -1/32      AC:  5    Str:  9    XL:     4   Next: 87%
Magic:  3/13       EV: 13    Int: 15    God:
Gold:   87         SH:  0    Dex: 12    Spells: 11/17 levels left

rFire   . . .      SeeInvis .   m - +0 spear
rCold   . . .      Faith    .   (no shield)
rNeg    + . .      Spirit   .   b - +0 robe
rPois   .          Reflect  .   l - +2 helmet
rElec   .          Harm     .   (no cloak)
rCorr   .          Rampage  .   (no gloves)
Will    .....                   (no boots)
Stlth   +++.......              (no amulet)
HPRegen 0.10/turn               i - ring of positive energy
MPRegen 0.13/turn               (no ring)

@: lethally poisoned (-1 -> -6)
A: fangs 1, strong nose, distributed training
a: no special abilities


You were on level 3 of the Dungeon.
You visited 1 branch of the dungeon, and saw 3 of its levels.

You collected 87 gold pieces.

Inventory:

Hand Weapons
 a - a +0 dagger
 k - a +0 short sword
 m - a +0 spear (weapon)
 p - a +2 halberd of distortion
Missiles
 e - 19 stones
Armour
 b - a +0 robe (worn)
 c - a +0 hat
 l - a +2 helmet (worn)
Jewellery
 i - a ring of positive energy (left hand)
Scrolls
 g - a scroll of identify {unknown}
 h - a scroll of magic mapping {unknown}
 j - a scroll of blinking {unknown}
 o - a scroll of teleportation {unknown}
 q - a scroll of enchant armour {unknown}
Potions
 d - a potion of magic
 f - a potion of curing {unknown}
 n - a potion of haste {unknown}
 r - a potion of mutation {unknown}


   Skills:
 + Level 1.3 Fighting
 + Level 1.3 Short Blades
 + Level 1.3 Long Blades
 + Level 1.3 Axes
 + Level 1.3 Maces & Flails
 + Level 1.3 Polearms
 + Level 1.3 Staves
 + Level 1.3 Ranged Weapons
 + Level 1.3 Throwing
 + Level 1.3 Armour
 + Level 4.7 Dodging
 + Level 4.3 Stealth
 + Level 1.3 Shields
 + Level 1.3 Unarmed Combat
 + Level 7.2 Spellcasting
 + Level 2.3 Conjurations
 + Level 1.0 Hexes
 + Level 2.3 Summonings
 + Level 1.0 Necromancy
 + Level 2.3 Translocations
 + Level 1.0 Transmutations
 + Level 1.0 Fire Magic
 + Level 1.0 Ice Magic
 + Level 1.0 Air Magic
 + Level 1.0 Earth Magic
 + Level 1.0 Poison Magic
 + Level 1.4 Invocations
 + Level 1.3 Evocations


You had 11 spell levels left.
You knew the following spells:

 Your Spells              Type           Power      Damage    Failure   Level
a - Magic Dart            Conj           48%        1d5       4%          1
b - Blink                 Tloc           24%        N/A       8%          2
c - Mephitic Cloud        Conj/Pois/Air  9%         N/A       22%         3

Your spell library contained the following spells:

 Spells                   Type           Power      Damage    Failure   Level
 Call Imp                 Summ           12%        N/A       8%          2
 Slow                     Hex            32%        N/A       9%          1
 Conjure Flame            Conj/Fire      10%        6-21      19%         3


Dungeon Overview and Level Annotations

Branches:
Dungeon (3/15)

Altars:

Annotations:
D:3 2 transporters


Innate Abilities, Weirdness & Mutations

You have very sharp teeth.
Your uncanny sense of smell can sniff out nearby items.
Your experience applies equally to all skills.


Message History

You feel a bit more experienced.
You see here an adder corpse.
The shadow imp grins evilly.
Casting: Mephitic Cloud (quite dangerous; 22% risk of failure)
Confirm with . or Enter, or press ? or * to list all spells.
The spell is quite dangerous to miscast (22% risk of failure)!
Continue anyway?
Aiming: Mephitic Cloud (quite dangerous; 22% risk of failure)
Press: ? - help, Shift-Dir - straight line, f - adder
Aim: an adder (chance to affect: 91%)
You miscast Mephitic Cloud.
You are very lightly contaminated with residual magic.
Nothing appears to happen.
An adder comes into view.
Unknown command.
The adder completely misses you. The adder attacks as you move away!
The adder barely misses you.
The adder hisses angrily.
The adder bites you but does no damage. The adder bites you.
You are poisoned.
The adder poisons you! The adder attacks as you move away! The adder bites you.
* * * LOW HITPOINT WARNING * * *
The adder attacks as you move away! The adder closely misses you.
You feel sick.
You feel sick. The adder attacks as you move away!
The adder bites you but does no damage.
You feel sick. The adder closely misses you.
You feel sick.
The shadow imp shouts, "Scamper away, thou fawning toot-wallowing codpiece!"
You feel sick.
Your magical contamination has completely faded away.
You feel sick.
You are no longer poisoned.
The adder closely misses you. The adder bites you but does no damage.
The adder bites you.
* * * LOW HITPOINT WARNING * * *
You are lethally poisoned!
The adder poisons you! The adder attacks as you move away!
The adder closely misses you.
You die...

.)#P../.. {.####+##
.. #. ..#.≈...≈.#
#. .. ..#.≈...≈.#.
.###.# #.#.≈~~~≈.#.
#....#
#.#.≈~♣~≈.#..#.#..#
#.#.≈~~~≈.#..#....#
#†#5≈...≈.#..#....#
#.#o≈...≈5#.....@.#
#.####+####.##S...#
#.#~..?..~#...S...#
..#8P$©$P8#.......#
#.#########.......#
#.....©..o..>..####
#####..........#
##.........#
##........#


You could see an orc priest, 2 adders and a shadow imp.

Vanquished Creatures
  2 adders
  4 gnolls
  A dart slug (D:1)
  2 orcs (D:3)
  4 bats
  10 endoplasms
  A giant cockroach (D:1)
  7 hobgoblins
  4 jackals (D:2)
  A quokka (D:1)
  A ball python (D:1)
  A frilled lizard (D:1)
  A goblin (D:1)
  3 kobolds
  2 rats (D:1)
44 creatures vanquished.

Notes
Turn   | Place    | Note
-------+----------+-------------------------------------------
     0 | D:1      | rogsnak the Gnoll Hedge Wizard began the quest for the Orb.
     0 | D:1      | Reached XP level 1. HP: 13/13 MP: 8/8
   263 | D:1      | Reached XP level 2. HP: 3/19 MP: 0/10
   979 | D:1      | Reached XP level 3. HP: 25/25 MP: 6/11
  1433 | D:2      | Reached skill level 1 in Invocations
  1486 | D:2      | Reached skill level 1 in Fighting
  1486 | D:2      | Reached skill level 1 in Short Blades
  1486 | D:2      | Reached skill level 1 in Long Blades
  1486 | D:2      | Reached skill level 1 in Axes
  1486 | D:2      | Reached skill level 1 in Maces & Flails
  1486 | D:2      | Reached skill level 1 in Polearms
  1486 | D:2      | Reached skill level 1 in Staves
  1486 | D:2      | Reached skill level 1 in Ranged Weapons
  1486 | D:2      | Reached skill level 1 in Throwing
  1486 | D:2      | Reached skill level 1 in Armour
  1486 | D:2      | Reached skill level 1 in Shields
  1486 | D:2      | Reached skill level 1 in Unarmed Combat
  1486 | D:2      | Reached skill level 1 in Evocations
  1680 | D:2      | Reached XP level 4. HP: 32/32 MP: 8/13
  1906 | D:1      | Reached skill level 1 in Hexes
  1906 | D:1      | Reached skill level 1 in Necromancy
  1906 | D:1      | Reached skill level 1 in Transmutations
  1906 | D:1      | Reached skill level 1 in Fire Magic
  1906 | D:1      | Reached skill level 1 in Ice Magic
  1906 | D:1      | Reached skill level 1 in Air Magic
  1906 | D:1      | Reached skill level 1 in Earth Magic
  1906 | D:1      | Reached skill level 1 in Poison Magic
  1966 | D:1      | Learned a level 2 spell: Blink
  1970 | D:1      | Learned a level 3 spell: Mephitic Cloud
  2324 | D:3      | Found a transporter.
  2368 | D:3      | Found a transporter.
  2425 | D:3      | HP: 1/32 [adder (2)]
  2426 | D:3      | Succumbed to an adder's poison

Illustrated notes

Levels and vault maps discovered:
D:1:      wander_arrival_desolate, layout_loops_ring
D:2:      layout_rooms
D:3:      gammafunk_wand_slinger, layout_rooms,
          grunt_temple_overflow_gold_and_silver, ebering_ecumenical_altar_mist,
          nicolae_grassy_gnolls

Skill      XL: |  1  2  3  4 |
---------------+-------------+-----
Conjurations   | 2 |  2.3
Summonings     | 2 |  2.3
Translocations | 2 |  2.3
Invocations    | 1 |  1.4
Fighting       | 1 |  1.3
Short Blades   | 1 |  1.3
Long Blades    | 1 |  1.3
Axes           | 1 |  1.3
Maces & Flails | 1 |  1.3
Polearms       | 1 |  1.3
Staves         | 1 |  1.3
Ranged Weapons | 1 |  1.3
Throwing       | 1 |  1.3
Armour         | 1 |  1.3
Shields        | 1 |  1.3
Unarmed Combat | 1 |  1.3
Evocations     | 1 |  1.3
Hexes          | 1 |  1.0
Necromancy     | 1 |  1.0
Transmutations | 1 |  1.0
Fire Magic     | 1 |  1.0
Ice Magic      | 1 |  1.0
Air Magic      | 1 |  1.0
Earth Magic    | 1 |  1.0
Poison Magic   | 1 |  1.0
Dodging        | |  4.7
Stealth        | |  4.3
Spellcasting   | |  7.2

Action                   |  1- 3 |  4- 6 || total
-------------------------+-------+-------++-------
Melee: Dagger            |    11 |       ||    11
       Spear             |     3 |    10 ||    13
       Bite              |     3 |     1 ||     4
 Cast: Magic Dart        |   102 |    43 ||   145
       Mephitic Cloud    |       |     2 ||     2
Armor: Robe              |     5 |     4 ||     9
Dodge: Dodged            |    17 |    19 ||    36
